Map: Triton LE

Players

TLO

  • Race: Zerg Zerg
  • Spawn Location: 11:00

Armani - Winner!

  • Race: Zerg Zerg
  • Spawn Location: 5:00

Event: IEM Katowice 2020

VOD

Have the link to the VOD?

Description

Time

  • Played on: Feb. 24, 2020, 10:21 a.m.
  • Length: 12:52

All games in this series

Show
View Real Time Build Order
Export as new Build Order

TLO Zerg 

Build Orders: Hatch First 

Get SALT Encoding   

  12  0:00  Drone  
  13  0:12  Overlord  
  13  0:16  Drone  
  14  0:31  Drone  
  14  0:32  Drone  
  16  0:48  Hatchery  
  15  0:51  Drone  
  15  0:55  Drone  
  17  0:59  Drone  
  18  1:05  Extractor  
  17  1:14  Spawning Pool  
  17  1:17  Drone  
  17  1:20  Drone  
  18  1:28  Drone  
  19  1:39  Drone  
  20  1:49  Drone  
  21  2:00  Overlord  
  21  2:01  Queen x2  
  21  2:05  Metabolic Boost  
  21  2:07  Drone  
  26  2:11  Drone  
  26  2:13  Drone  
  28  2:21  Drone  
  28  2:22  Drone  
  30  2:34  Hatchery  
  30  2:37  Drone  
  30  2:41  Overlord  
  30  2:47  Baneling Nest  
  30  2:51  Zergling x4  
  30  2:54  Drone  
  30  2:55  Drone  
  33  3:01  Queen  
  33  3:04  Drone  
  36  3:06  Drone  
  36  3:11  Drone  
  38  3:13  Zergling x2  
  38  3:15  Drone  
  38  3:16  Drone  
  38  3:18  Drone  
  42  3:20  Overlord  
  42  3:23  Drone  
  43  3:29  Drone  
  43  3:31  Evolution Chamber  
  43  3:34  Drone  
  44  3:35  Overlord  
  44  3:39  Baneling x2  
  44  3:40  Baneling x2  
  44  3:41  Zergling x4  
  46  3:44  Zergling x2  
  46  3:50  Roach Warren  
  46  3:51  Zergling x2  
  46  3:54  Drone  
  47  3:56  Zergling x4  
  47  4:00  Drone  
  50  4:05  Drone  
  50  4:07  Zergling x2, Drone  
  49  4:19  Lair, Drone  
  49  4:20  Drone x6  
  49  4:22  Baneling  
  55  4:25  Zergling x2  
  55  4:26  Drone  
  55  4:30  Extractor x2  
  52  4:32  Drone  
  52  4:33  Drone  
  52  4:37  Drone  
  52  4:38  Extractor  
  53  4:40  Drone  
  53  4:41  Drone  
  55  4:47  Zerg Missile Weapons Level 1  
  55  4:48  Drone  
  55  4:52  Queen  
  58  4:54  Drone, Overlord  
  58  4:55  Drone, Overlord  
  60  5:02  Overlord  
  60  5:04  Overlord x3  
  60  5:06  Drone  
  61  5:10  Drone  
  63  5:14  Drone  
  63  5:17  Glial Reconstitution  
  63  5:18  Drone x2  
  65  5:23  Drone  
  65  5:24  Drone, Overlord  
  65  5:26  Roach x2  
  65  5:27  Roach  
  73  5:29  Roach  
  73  5:31  Roach  
  73  5:33  Roach  
  78  5:40  Nydus Network, Roach  
  78  5:42  Roach  
  81  5:44  Roach  
  81  5:46  Roach  
  85  5:50  Roach  
  85  5:54  Zergling x2, Roach x2  
  85  5:56  Roach  
  94  5:59  Roach  
  94  6:01  Extractor, Roach  
  96  6:05  Roach  
  96  6:07  Roach  
  96  6:08  Roach  
  96  6:11  Zergling x8, Roach  
  106  6:17  Nydus Canal  
  107  6:20  Roach  
  107  6:23  Queen  
  107  6:24  Roach  
  113  6:26  Roach x2  
  113  6:28  Roach  
  113  6:31  Roach  
  121  6:36  Nydus Canal  
  121  6:39  Roach  
  122  6:44  Roach  
  122  6:46  Roach  
  122  6:47  Roach  
  116  6:48  Roach  
  116  6:51  Roach x2  
  116  6:52  Roach  
  116  6:53  Roach  
  118  6:56  Roach x2  
  118  6:57  Queen x2  
  118  7:00  Roach x2  
  118  7:01  Roach  
  118  7:06  Roach  
  118  7:08  Roach  
  118  7:09  Drone x2  
  118  7:12  Nydus Canal  
  116  7:17  Roach  
  116  7:18  Roach x2  
  116  7:19  Roach  
  122  7:24  Roach  
  122  7:30  Extractor, Overlord  
  122  7:31  Drone  
  122  7:40  Spire  
  119  7:45  Roach  
  119  7:48  Roach  
  121  7:51  Roach  
  121  7:54  Roach x2  
  121  7:57  Overlord  
  123  8:00  Roach x3  
  123  8:01  Overlord x3  
  123  8:04  Nydus Canal  
  129  8:10  Overlord  
  129  8:12  Hatchery  
  128  8:16  Overlord  
  128  8:20  Overlord  
  128  8:22  Overlord  
  128  8:28  Nydus Canal  
  128  8:34  Drone x2  
  128  8:37  Drone  
  131  8:43  Drone  
  131  8:44  Zerg Missile Weapons Level 2  
  132  8:55  Mutalisk x6  
  140  9:05  Spore Crawler, Mutalisk  
  140  9:07  Overlord  
  141  9:12  Mutalisk  
  141  9:14  Spore Crawler  
  141  9:15  Spore Crawler, Extractor  
  140  9:17  Extractor  
  140  9:18  Drone x16  
  155  9:24  Mutalisk  
  155  9:28  Nydus Canal  
  153  9:34  Mutalisk  
  155  9:39  Mutalisk  
  151  9:47  Mutalisk  
  151  9:49  Roach  
  151  9:52  Roach  
  149  9:53  Overlord x2  
  149  9:54  Overlord  
  149  9:55  Roach  
  149  9:56  Overlord  
  149  9:57  Overlord  
  149  10:01  Roach  
  149  10:02  Overseer  
  149  10:03  Pneumatized Carapace  
  149  10:05  Roach  
  149  10:06  Roach  
  155  10:08  Roach  
  155  10:13  Roach x3  
  155  10:14  Roach x2  
  167  10:15  Roach  
  167  10:16  Roach  
  171  10:22  Ravager  
  171  10:23  Roach  
  171  10:26  Roach  
  176  10:28  Spine Crawler  
  176  10:30  Ravager  
  176  10:31  Roach  
  176  10:32  Overlord x2  
  176  10:33  Roach  
  176  10:34  Roach  
  182  10:36  Roach  
  182  10:37  Roach  
  182  10:40  Roach  
  182  10:41  Roach  
  182  10:42  Roach x2  
  194  10:44  Roach  
  194  10:45  Nydus Canal  
  194  10:46  Roach  
  198  10:50  Roach  
  198  10:51  Roach  
  200  11:07  Roach  
  200  11:09  Roach  
  194  11:14  Roach  
  194  11:15  Roach x2  
  194  11:18  Roach  
  186  11:19  Roach  
  186  11:20  Roach  
  186  11:21  Roach x2  
  186  11:25  Roach x10  
  194  11:30  Roach  
  194  11:31  Infestation Pit  
  181  11:33  Roach  
  181  11:36  Mutalisk x2  
  166  11:47  Hydralisk Den, Roach  
  166  11:49  Roach x2  
  166  11:51  Drone  
  166  11:52  Roach  
  172  11:54  Roach  
  172  11:57  Overseer  
  172  12:00  Roach x2  
  172  12:01  Roach  
  176  12:05  Ravager  
  176  12:06  Overseer, Roach  
  167  12:09  Roach  
  167  12:10  Roach  
  167  12:12  Hatchery, Roach  
  167  12:13  Roach x2  
  167  12:14  Roach x3  
  179  12:16  Roach  
  179  12:18  Roach  
  179  12:19  Roach  
  179  12:20  Roach  
  179  12:22  Roach  
  187  12:24  Roach x3  
  187  12:27  Roach  
  187  12:29  Roach  
  191  12:33  Roach  
  191  12:34  Overseer x2  
Show
View Real Time Build Order
Export as new Build Order

Armani Zerg - Winner!

Build Orders: Hatch First, Lurkers, Roach Hydra 

Get SALT Encoding   

  12  0:01  Drone  
  13  0:12  Overlord  
  13  0:16  Drone  
  14  0:30  Drone x2  
  16  0:48  Hatchery  
  15  0:51  Drone  
  15  0:55  Drone  
  17  0:58  Drone  
  18  1:10  Extractor  
  17  1:14  Spawning Pool  
  17  1:16  Drone  
  17  1:20  Drone  
  18  1:29  Drone  
  19  1:38  Drone  
  20  1:50  Overlord  
  20  2:01  Queen x2  
  20  2:03  Drone x2  
  26  2:09  Metabolic Boost  
  26  2:11  Drone x2  
  28  2:22  Drone x2  
  30  2:33  Hatchery  
  29  2:38  Drone x2  
  31  2:45  Baneling Nest  
  31  2:46  Drone x2  
  32  2:54  Overlord  
  32  2:55  Zergling x2  
  33  3:13  Zergling x16  
  41  3:22  Zergling x4  
  41  3:26  Evolution Chamber  
  42  3:30  Overlord  
  42  3:31  Overlord  
  42  3:40  Baneling x2  
  42  3:42  Drone x2  
  42  3:45  Baneling  
  42  3:47  Baneling x2  
  44  3:49  Zergling x2  
  44  3:50  Drone x5  
  44  3:52  Drone  
  44  3:55  Drone  
  52  4:00  Drone  
  52  4:01  Drone  
  52  4:07  Drone  
  51  4:12  Drone  
  51  4:13  Zerg Missile Weapons Level 1  
  51  4:15  Drone x2  
  54  4:17  Drone, Queen  
  54  4:20  Zergling x2, Drone  
  54  4:21  Drone  
  54  4:22  Drone  
  60  4:25  Drone x2  
  60  4:26  Drone  
  62  4:32  Drone  
  60  4:39  Extractor x2  
  60  4:40  Roach Warren  
  60  4:42  Lair  
  56  4:48  Drone x3  
  56  4:50  Drone x3  
  62  5:02  Overlord x2  
  62  5:05  Drone  
  62  5:06  Queen  
  63  5:08  Extractor  
  64  5:15  Drone  
  64  5:16  Drone  
  64  5:17  Overlord  
  64  5:19  Extractor  
  64  5:20  Drone  
  64  5:21  Drone  
  67  5:22  Drone x5  
  67  5:25  Drone x2  
  67  5:26  Drone  
  67  5:27  Drone  
  67  5:28  Extractor, Drone  
  77  5:34  Baneling  
  77  5:35  Drone  
  77  5:38  Queen  
  79  5:43  Hydralisk Den  
  79  5:44  Overseer  
  79  5:46  Overseer  
  79  5:47  Glial Reconstitution  
  79  5:50  Roach x6  
  79  5:55  Overlord x3  
  88  6:15  Roach x9  
  106  6:23  Spine Crawler  
  106  6:24  Spine Crawler x2  
  103  6:26  Roach x4  
  103  6:27  Queen  
  103  6:31  Overlord  
  103  6:32  Overlord  
  112  6:34  Roach  
  112  6:44  Roach  
  112  6:45  Roach x3  
  111  6:48  Roach x2  
  111  6:51  Roach x4  
  110  7:00  Roach x3  
  109  7:12  Roach x3  
  107  7:16  Zerg Missile Weapons Level 2  
  106  7:23  Drone x5  
  109  7:33  Roach x2  
  109  7:34  Overseer  
  109  7:35  Roach  
  115  7:42  Roach x4  
  119  7:49  Roach x2  
  121  7:56  Roach x3  
  125  8:01  Ravager x2  
  125  8:03  Roach  
  129  8:11  Overlord x3  
  129  8:17  Overlord  
  129  8:18  Overlord  
  129  8:19  Overlord  
  129  8:20  Overlord  
  129  8:21  Overlord  
  129  8:25  Drone  
  130  8:29  Grooved Spines, Queen  
  130  8:30  Drone  
  130  8:31  Drone x4  
  137  8:37  Drone x4  
  137  8:40  Ravager x2  
  143  8:42  Drone  
  143  8:45  Drone  
  143  8:46  Drone x2  
  143  8:48  Drone x2  
  149  8:58  Extractor  
  149  9:01  Lurker Den, Hydralisk x3  
  153  9:09  Hydralisk x3  
  157  9:14  Spore Crawler x2  
  157  9:17  Spore Crawler, Drone  
  156  9:22  Drone x3  
  160  9:30  Spore Crawler  
  157  9:37  Hydralisk x5  
  162  9:59  Muscular Augments  
  162  10:05  Drone  
  163  10:13  Zerg Ground Armor Level 1  
  163  10:16  Hydralisk x11  
  185  10:29  Spore Crawler  
  185  10:30  Spore Crawler  
  185  10:31  Spore Crawler, Overlord x3  
  185  10:35  Infestation Pit  
  181  10:40  Drone x2  
  181  10:41  Drone x2  
  181  10:42  Spore Crawler x2  
  183  10:44  Lurker x3  
  183  10:49  Overlord  
  186  10:54  Lurker  
  186  10:55  Lurker x2  
  190  10:57  Drone  
  190  10:58  Drone  
  190  11:00  Drone  
  192  11:07  Spore Crawler  
  192  11:08  Spore Crawler  
  188  11:18  Roach x9  
  164  11:30  Roach x3  
  164  11:31  Roach x3  
  165  11:35  Drone  
  165  11:38  Hive  
  163  11:45  Queen  
  164  11:51  Roach x5  
  174  11:55  Ravager x4  
  178  12:06  Hatchery  
  177  12:10  Roach x2  
  177  12:11  Roach  
  183  12:17  Hydralisk x2  

Tags
 
Add a new tag
Caveats
  • Supply blocks, unpowered buildings, or Contaminate may cause inaccurate times.
  • Supply counts are checked every 10 seconds.